AoeStats
← slbballman

Arena

505458469Analyzed
2v2 RM · 24d ago on Sep 9, 2026· 60m 6s· 4 players
Game mode
Random Map
Map size
Medium (4 player)
Population
200
Speed
Normal
Resources
Standard
Victory
Conquest
Starting age
Dark Age
Ending age
Imperial Age
RankedLock teamsTeams togetherTeam positionsShared explorationLock speedFull tech treeHidden civsTurbo modeCheats
Victory
Defeat
🇩🇪 Armenians · Germany
1181
+17
🇨🇳 Turks · China
1151
+19
🇺🇸 Goths · United States
1210
-18
🇺🇸 Italians · United States
1210
-18
Newcramer
10:11 Feudal Age
10:47 Loom
14:18 Castle Age
12:24 Double-Bit Axe
12:51 Horse Collar
13:36 Gold Mining
16:17 Stone Mining
18:40 Fervor
18:56 Bow Saw
20:48 Town Watch
25:27 Imperial Age
23:02 Fletching
24:06 Ballistics
24:38 Gold Shaft Mining
25:31 Sanctity
25:17 Bodkin Arrow
26:19 Bracer
27:32 Chemistry
27:09 Block Printing
27:10 Padded Archer Armor
27:54 Illumination
28:15 Wheelbarrow
31:29 Hand Cart
32:42 Masonry
32:58 Conscription
33:08 Leather Archer Armor
33:13 Elite Composite Bowman
37:55 Fortified Wall
38:11 Town Patrol
38:45 Ring Archer Armor
40:56 Elite Skirmisher
42:01 Scale Mail Armor
42:12 Forging
49:37 Chain Mail Armor
57:12 Hoardings
59:14 Plate Mail Armor
猪队友怕不怕
12:18 Feudal Age
16:27 Castle Age
14:30 Double-Bit Axe
14:59 Horse Collar
18:22 Wheelbarrow
19:34 Bow Saw
19:26 Heavy Plow
27:27 Imperial Age
24:44 Loom
25:49 Fletching
26:07 Gold Mining
26:35 Hand Cart
27:13 Bodkin Arrow
27:19 Padded Archer Armor
30:52 Two-Man Saw
31:47 Bracer
32:03 Leather Archer Armor
33:33 Gold Shaft Mining
32:49 Stone Mining
34:42 Ring Archer Armor
35:24 Ballistics
36:04 Arrowslits
38:22 Treadmill Crane
39:27 Scale Barding Armor
39:33 Forging
39:55 Bloodlines
39:46 Husbandry
42:18 Chain Barding Armor
45:10 Plate Barding Armor
45:11 Iron Casting
44:49 Caravan
47:29 Cavalier
54:06 Blast Furnace
Redbeard
11:13 Feudal Age
15:00 Castle Age
15:08 Double-Bit Axe
20:18 Imperial Age
18:03 Gold Mining
20:23 Scale Mail Armor
20:49 Squires
22:01 Fletching
22:41 Crossbowman
24:48 Padded Archer Armor
26:11 Bodkin Arrow
26:47 Leather Archer Armor
29:08 Thumb Ring
30:47 Bracer
32:14 Chemistry
34:27 Wheelbarrow
34:41 Arbalester
40:56 Conscription
45:59 Ring Archer Armor
45:33 Loom
46:48 Chain Mail Armor
46:56 Horse Collar
48:53 Plate Mail Armor
48:34 Forging
49:24 Ballistics
58:28 Iron Casting
60:25 Blast Furnace
slbballman
11:15 Feudal Age
15:35 Castle Age
14:39 Horse Collar
14:50 Double-Bit Axe
15:39 Stone Mining
18:19 Town Watch
19:21 Loom
20:28 Gold Mining
25:15 Imperial Age
23:50 Bow Saw
23:45 Fletching
25:30 Wheelbarrow
25:26 Anarchy
26:38 Forging
26:32 Scale Mail Armor
26:54 Squires
29:19 Iron Casting
29:21 Conscription
30:14 Chain Mail Armor
32:02 Blast Furnace
39:03 Perfusion
42:54 Pikeman
43:48 Bodkin Arrow
43:52 Halberdier
49:10 Masonry
Connection lost

Rejoining the realm…

Still unreachable

The connection could not be restored.

Session expired

The server has moved on; the page needs a fresh start.